 Dungeon Crawl Stone Soup version 0.28-a0-533-g9f97627e2a (webtiles) character file.

Game seed: 10889404675215675441

46013 Shayle the Demolition Djinni (level 14, -7/108 HPs)
             Began as a Djinni Warper on Sept 25, 2021.
             Was an Elder of Makhleb.
             Killed from afar by a lich (39 damage)
             ... with a bolt of cold
             ... on level 1 of the Abyss on Sept 26, 2021.
             The game lasted 01:40:01 (29220 turns).

Shayle the Demolition Djinni (Djinni Warper)       Turns: 29220, Time: 01:40:01

Health: -7/108     AC: 10    Str:  6    XL:     14   Next: 74%
Gold:   886        EV: 27    Int: 20    God:    Makhleb [****..] SH:  0 Dex:  9

rFire   + + .      SeeInvis .   x - +9 quarterstaff "Iffut" {vorpal, rC++ rCorr Dex-4}
rCold   + . .      Faith    .   (shield currently unavailable)
rNeg    . . .      Spirit   .   H - +0 steam dragon scales
rPois   ∞          Reflect  .   v - +1 helmet
rElec   .          Harm     .   (no cloak)
rCorr   +          Rampage  .   s - +2 pair of gloves
Will    +....      Rage     9%  (boots unavailable)
Stlth   +.........              j - amulet of the acrobat
HPRegen 0.28/turn               (no ring)
MPRegen 0.00/turn               (no ring)

@: about to teleport, acrobatic, flying
A: sickness immunity, fire resistance 2, cold vulnerability 1, float, innate
caster, hp casting, extra vitality 1, [berserk 3], [deterioration 2], [weak 2],
[subdued magic 2]
a: Renounce Religion, Minor Destruction, Lesser Servant of Makhleb, Major
Destruction


You were on level 1 of the Abyss.
You worshipped Makhleb.
Makhleb was greatly pleased with you.
You visited 2 branches of the dungeon, and saw 14 of its levels.
You visited the Abyss 1 time.
You also visited: Volcano.

You collected 886 gold pieces.

Inventory:

Hand Weapons
 e - a +2 short sword of venom
 q - a +3 whip
 w - a +2 vorpal spear
 x - the +9 quarterstaff "Iffut" (weapon) {vorpal, rC++ rCorr Dex-4}
   (You found it on level 5 of the Dungeon)

   It inflicts extra damage upon your enemies.
   Dex:       It affects your dexterity (-4).
   rC:        It greatly protects you from cold.
   rCorr:     It protects you from acid and corrosion.
 z - a +2 whip of flaming
 K - a +2 hand axe of venom
 T - a +4 demon trident
Missiles
 f - 5 silver javelins
 o - 8 boomerangs (quivered)
 E - 3 throwing nets
 L - a curare-tipped dart
Armour
 b - +0 fire dragon scales
 k - a +0 buckler
 r - a +2 leather armour of fire resistance
 s - a +2 pair of gloves (worn)
 v - a +1 helmet (worn)
 H - +0 steam dragon scales (worn)
Jewellery
 j - an amulet of the acrobat (around neck)
 m - a +4 ring of slaying
 F - a ring of ice
 I - a ring of fire
 R - an amulet of reflection
Wands
 c - a wand of iceblast (27)
 B - a wand of polymorph (19)
 G - a wand of flame (10)
 N - a wand of charming (21)
Scrolls
 n - a scroll of enchant weapon {unknown}
 u - 2 scrolls of fog
 y - 3 scrolls of noise
 A - a scroll of teleportation
 P - a scroll of immolation {unknown}
 U - a scroll of fear {unknown}
Potions
 d - a potion of mutation
 g - 2 potions of flight
 h - 2 potions of curing
 i - a potion of haste
 l - a potion of might {unknown}
 t - a potion of invisibility
 C - a potion of magic
 D - a potion of resistance {unknown}
 J - a potion of degeneration {unknown}
 M - 2 potions of lignification
 O - a potion of ambrosia {unknown}
 Q - 3 potions of berserk rage
 S - 2 potions of attraction {unknown}


   Skills:
 + Level 12.6 Fighting
 - Level 0.7 Throwing
 - Level 1.0 Armour
 - Level 2.1 Dodging
 - Level 4.0 Shields
 + Level 12.6 Unarmed Combat
 + Level 10.1 Spellcasting
 + Level 15.2 Invocations


You couldn't memorise any spells.
You knew the following spells:

 Your Spells              Type           Power      Damage    Failure   Level
a - Blink                 Tloc           N/A        N/A       1%          2
b - Lesser Beckoning      Tloc           31%        N/A       1%          3
c - Gell's Gravitas       Tloc           15%        N/A       1%          3
d - Teleport Other        Tloc           31%        N/A       1%          3
e - Manifold Assault      Tloc           31%        N/A       1%          5
f - Sandblast             Erth           62%        2d14      1%          1
g - Ensorcelled Hibernat  Hex/Ice        62%        N/A       1%          2
h - Inner Flame           Hex/Fire       31%        N/A       1%          3
i - Summon Lightning Spi  Summ/Air       31%        N/A       1%          4
j - Olgreb's Toxic Radia  Pois           31%        N/A       1%          4
k - Summon Forest         Summ/Tloc      15%        N/A       1%          5
Your spell library was empty.

Dungeon Overview and Level Annotations

Branches:
Dungeon (8/15)             Temple (0/1) D:6            Lair (6/6) D:8
  Swamp (0/4) Lair:3       Spider (0/4) Lair:4        Slime (0/5) Lair:5
Volcano (visited)

Altars:
Cheibriados
Dithmenos
Elyvilon
Gozag
Hepliaklqana
Makhleb
Trog
Uskayaw
Wu Jian
Xom
The Shining One


Innate Abilities, Weirdness & Mutations

You are immune to sickness and miasma.
You are immune to poison.
Your flesh is very heat resistant. (rF++)
You are vulnerable to cold. (rC-)
You float through the air rather than walking.
You learn spells naturally, not from books.
Your magical power is your life essence.
You have superior vitality. (+4 HP)
[You have an uncontrollable temper.]
[Your body often deteriorates upon taking damage.]
[You are very weak. (Str -4)]
[Your spells are easier to cast, but less powerful.]


Message History

Space momentarily warps into an impossible shape!
You hit the wretched star. You barely miss the smoke demon.
You hit the ancient zyme.
The ancient zyme hits you but does no damage.
The ancient zyme hits you! The smoke demon barely misses you. x3
The wretched star pulses with an eldritch light!
You feel weaker. x2; You feel a little pissed off.
You feel angry.
A small abomination comes into view.
Unknown command.
You sock the smoke demon!
You kill the smoke demon!
Makhleb accepts your kill.
You feel better. The ancient zyme hits you. x3
The ancient zyme barely misses you.
Unknown command.
You barely miss the ancient zyme.
The ancient zyme is severely damaged.
As you read the scroll of teleportation, it crumbles to dust.
You feel strangely unstable.
You feel the power of the Abyss delaying your translocation!
Something touches you.
Casting: Manifold Assault (dangerous; 3% risk of failure)
Confirm with . or Enter, or press ? or * to list all spells.
You blink.
The wretched star pulses with an eldritch light!
You feel extremely angry at everything!
Your connection to magic feels subdued.
Your connection to magic feels more subdued.
You hear some strange, mumbled words.
A bolt of cold appears from out of thin air!
The bolt of cold hits you! You resist.
* * * LOW HITPOINT WARNING * * *
Found 16 sling bullets.
Something touches you.
* * * LOW HITPOINT WARNING * * *
The wretched star pulses with an eldritch light!
You feel yourself wasting away.
You feel your body start to fall apart.
You hear some strange, mumbled words.
A bolt of cold appears from out of thin air!
The bolt of cold hits you!!! You resist.
You die...

...###. .. #... . ..
...*.###..# #.### ###...
### ##≈...### # #..
#.≈≈≈.#..# #.###
##...≈.'.# #...#
##...≈.'.### #.§# # #
#...≈ '.... #@.#..#
..#.≈≈≈.### ####{....#
#.....#≈≈≈.#..#.....#
.§### #.##.#≈#*#....#.#
.≈≈.#≈≈≈≈..(..#..#.#..#
............... .......
........................
.............. ........
. ...... ............(.


You could see a wretched star.

Vanquished Creatures
  A fire dragon (Volcano)
  Harold (D:7)
  4 hydras
  3 catoblepae
  3 sun demons (Volcano)
  Pikel (D:4)
  2 lindwurms (Lair:6)
  A cyclops (D:7)
  A manticore (Lair:3)
  4 elephants (Lair:4)
  3 black mambas
  3 smoke demons
  11 cane toads
  A torpor snail (Lair:3)
  A komodo dragon (Lair:5)
  2 rime drakes (Lair:2)
  An ancient zyme (Lair:6)
  23 yaks
  4 blink frogs
  A shadow (D:7)
  A ynoxinul (Lair:6)
  4 wyverns
  4 basilisks
  A chaos spawn (Lair:6)
  4 steam dragons
  A swamp worm (Lair:3)
  11 water moccasins
  A large abomination (Lair:6)
  3 sky beasts
  A hell hound (Volcano)
  An ice beast (D:7)
  A necrophage (D:7)
  A hornet zombie (D:6)
  3 ogres
  14 wolves
  A centaur (D:5)
  2 lemures
  17 bullfrogs
  A scorpion (D:6)
  A water moccasin skeleton (D:5)
  A nameless horror (Lair:3)
  An electric eel (Lair:2)
  2 centaur zombies
  A bullfrog zombie (D:6)
  6 jellies
  A hound (D:7)
  An orc priest (D:3)
  5 iguanas
  An orc wizard (D:8)
  A hell rat (Lair:1)
  5 small abominations (Lair:6)
  11 gnolls
  A howler monkey skeleton (D:4)
  2 adders
  An ufetubus (D:5)
  A dart slug (D:1)
  18 orcs
  8 ball pythons
  5 bats
  7 endoplasms
  3 giant cockroaches
  11 goblins
  8 hobgoblins
  2 jackals (D:1)
  10 kobolds
  3 quokkas
  4 frilled lizards (D:1)
  3 rats
267 creatures vanquished.

Vanquished Creatures (collateral kills)
  5 hydras
  An orb spider (Lair:4)
  5 elephants
  A black mamba (Lair:4)
  2 torpor snails
  6 smoke demons
  4 cane toads
  4 komodo dragons
  11 blink frogs
  A spriggan (Lair:4)
  22 yaks
  A chaos spawn (Lair:6)
  4 basilisks (Lair:6)
  A steam dragon (Volcano)
  A swamp worm (Lair:3)
  8 water moccasins
  3 wolves
  A kobold brigand (D:8)
  2 bullfrogs (Lair:2)
  5 hell rats (Lair:1)
  2 small abominations (Lair:6)
  2 kobolds (D:8)
  A bush (Lair:4)
93 creatures vanquished.

Vanquished Creatures (others)
  2 bushes
  59 fungi
  212 plants
  4 snaplasher vines (Lair:6)
277 creatures vanquished.

Grand Total: 637 creatures vanquished

Notes
Turn   | Place    | Note
-------+----------+-------------------------------------------
     0 | D:1      | Shayle the Djinni Warper began the quest for the Orb.
     0 | D:1      | Reached XP level 1. HP: 18/18 MP: 0/0
   345 | D:1      | Reached XP level 2. HP: 21/23 MP: 0/0
   572 | D:1      | Found a faded altar of an unknown god.
   743 | D:1      | Reached XP level 3. HP: 25/29 MP: 0/0
   743 | D:1      | Learned a level 1 spell: Sandblast
  1465 | D:2      | Reached XP level 4. HP: 30/34 MP: 0/0
  1919 | D:2      | HP: 1/34 [gnoll (2)]
  2172 | D:3      | Found a glowing golden altar of the Shining One.
  2205 | D:3      | Found a shadowy altar of Dithmenos.
  2206 | D:3      | Found a bloodstained altar of Trog.
  2229 | D:3      | Found a shimmering altar of Xom.
  2579 | D:2      | Reached XP level 5. HP: 17/40 MP: 0/0
  2579 | D:2      | Learned a level 2 spell: Ensorcelled Hibernation
  3506 | D:3      | Noticed an ogre
  3529 | D:3      | Killed an ogre
  3530 | D:3      | Reached skill level 1 in Shields
  3530 | D:3      | Reached XP level 6. HP: 47/47 MP: 0/0
  3677 | D:4      | Noticed an ogre
  3813 | D:4      | Killed an ogre
  3814 | D:4      | Reached XP level 7. HP: 28/52 MP: 0/0
  3814 | D:4      | Learned a level 3 spell: Inner Flame
  4162 | D:4      | Found a burning altar of Makhleb.
  4166 | D:4      | Became a worshipper of Makhleb the Destroyer
  4367 | D:4      | Found a white marble altar of Elyvilon.
  4536 | D:5      | Entered Level 5 of the Dungeon
  5065 | D:5      | Noticed Pikel
  5762 | D:5      | Identified the +9 quarterstaff "Iffut" {vorpal, rC++ rCorr
                  | Dex-4}
  5893 | D:5      | Reached XP level 8. HP: 56/58 MP: 0/0
  5895 | D:5      | Found an ornate altar of the Wu Jian Council.
  5899 | D:5      | Found a hide-covered altar of Uskayaw.
  6342 | D:4      | Killed Pikel
  6343 | D:4      | Reached skill level 5 in Fighting
  6343 | D:4      | Reached skill level 5 in Unarmed Combat
  6343 | D:4      | Reached skill level 2 in Invocations
  6813 | D:6      | Reached XP level 9. HP: 32/65 MP: 0/0
  6813 | D:6      | Learned a level 4 spell: Summon Lightning Spire
  7129 | D:6      | Found an opulent altar of Gozag.
  7231 | D:6      | Found a staircase to the Ecumenical Temple.
  7488 | D:6      | Reached skill level 3 in Invocations
  7532 | D:6      | Reached * piety under Makhleb
  7831 | D:7      | Reached skill level 5 in Spellcasting
  7862 | D:7      | Found a snail-covered altar of Cheibriados.
  8175 | D:7      | Noticed a cyclops
  8179 | D:7      | Noticed Harold
  8432 | D:7      | Found a hazy altar of Hepliaklqana.
  8471 | D:7      | Reached skill level 4 in Invocations
  8734 | D:6      | Identified a scroll of acquirement
  8734 | D:6      | Acquired a manual of Invocations
  8827 | D:7      | Killed Harold
  8828 | D:7      | Reached skill level 5 in Invocations
  8828 | D:7      | Reached XP level 10. HP: 29/73 MP: 0/0
  9067 | D:7      | Killed a cyclops
  9071 | D:7      | Reached skill level 6 in Invocations
 10374 | D:8      | Reached skill level 7 in Invocations
 10584 | D:8      | Found a staircase to the Lair.
 11015 | Lair:1   | Entered Level 1 of the Lair of Beasts
 11363 | Lair:1   | Reached skill level 8 in Invocations
 11363 | Lair:1   | Reached XP level 11. HP: 75/81 MP: 0/0
 11363 | Lair:1   | Learned a level 4 spell: Olgreb's Toxic Radiance
 11419 | Lair:1   | Reached ** piety under Makhleb
 11761 | Lair:1   | Reached skill level 9 in Invocations
 12158 | Lair:1   | Noticed a four-headed hydra
 12894 | Lair:1   | Killed a four-headed hydra
 13398 | Lair:2   | Noticed an elephant
 13398 | Lair:2   | Noticed an elephant
 13398 | Lair:2   | Noticed an elephant
 13398 | Lair:2   | Noticed an elephant
 13525 | Lair:2   | Found a dark tunnel.
 13535 | Volcano  | Entered a volcano
 13723 | Volcano  | Reached skill level 10 in Invocations
 14155 | Volcano  | Reached XP level 12. HP: 67/90 MP: 0/0
 14359 | Volcano  | Noticed a sun demon
 14374 | Volcano  | Killed a sun demon
 14374 | Volcano  | Reached *** piety under Makhleb
 14691 | Volcano  | Noticed a sun demon
 14692 | Volcano  | Noticed a sun demon
 14710 | Volcano  | Killed a sun demon
 14711 | Volcano  | Reached skill level 11 in Invocations
 14722 | Volcano  | Killed a sun demon
 14944 | Volcano  | Noticed a fire dragon
 14961 | Volcano  | Killed a fire dragon
 14962 | Volcano  | Reached skill level 10 in Unarmed Combat
 15277 | Lair:2   | Reached skill level 10 in Fighting
 15561 | Lair:2   | Noticed a six-headed hydra
 15573 | Lair:3   | Noticed Urug
 16254 | Lair:2   | Reached skill level 12 in Invocations
 16958 | Lair:2   | Reached XP level 13. HP: 61/97 MP: 0/0
 16958 | Lair:2   | Learned a level 5 spell: Summon Forest
 17244 | Lair:2   | Killed a six-headed hydra
 18137 | Lair:3   | Noticed Urug
 18137 | Lair:3   | Urug changed into Urug the manticore
 18145 | Lair:2   | Reached skill level 13 in Invocations
 18386 | Lair:3   | Noticed a five-headed hydra
 18399 | Lair:3   | Killed a five-headed hydra
 19268 | Lair:3   | Noticed a five-headed hydra
 19275 | Lair:3   | Killed a five-headed hydra
 19422 | Lair:3   | Noticed a seven-headed hydra
 19428 | Lair:3   | Killed a seven-headed hydra
 20630 | Lair:3   | Killed Urug the manticore
 20645 | Lair:3   | Noticed a catoblepas
 20656 | Lair:3   | Killed a catoblepas
 21373 | Lair:3   | Found a hazy altar of Hepliaklqana.
 21535 | Lair:3   | Found a staircase to the Swamp.
 22047 | Lair:4   | Noticed a four-headed hydra
 22055 | Lair:4   | Killed a four-headed hydra
 22056 | Lair:4   | Reached skill level 14 in Invocations
 23389 | Lair:4   | Reached XP level 14. HP: 99/106 MP: 0/0
 23524 | Lair:4   | Found a hole to the Spider Nest.
 24021 | Lair:5   | Found a staircase to the Slime Pits.
 24251 | Lair:5   | HP: 5/106 [catoblepas (15)]
 24252 | Lair:5   | HP: 2/106 [catoblepas/blast of calcifying dust (3)]
 24753 | Lair:5   | Reached **** piety under Makhleb
 25452 | Lair:6   | Entered Level 6 of the Lair of Beasts
 27551 | Lair:5   | Reached skill level 15 in Invocations
 28193 | Lair:6   | Reached skill level 10 in Spellcasting
 29049 | Lair:6   | Cast into level 1 of the Abyss (spriggan)
 29061 | Abyss:1  | Found a corrupted altar of Lugonu.
 29198 | Abyss:1  | Found a corrupted altar of Lugonu.
 29203 | Abyss:1  | Noticed a lich
 29220 | Abyss:1  | Killed from afar by a lich

Illustrated notes

Levels and vault maps discovered:
D:1:      dpeg_arrival_windows_large_door, layout_loops_ring,
          hellmonk_ecumenical_altar_run_dry
D:2:      layout_basic, chequers_serial_rivers_micro_e
D:3:      layout_rooms, mainiacjoe_overflow_concentric_impassable,
          xom_teletrap_fun, mainiacjoe_overflow_divided_tiny,
          minmay_ogre_servants
D:4:      layout_basic, elyvilon_altar_4, mainiacjoe_overflow_24_doors
D:5:      layout_basic, minitemple, uniq_pikel
D:6:      layout_loops_ring, general_overflow_altar, temple_statues
D:7:      layout_cave_pools, mainiacjoe_overflow_alcove_1, lemuel_crystal_altar,
          uniq_harold
D:8:      layout_basic, mainiacjoe_overflow_alcove_4, minmay_lair_entry_grove
Lair:1:   layout_regular_city
Lair:2:   layout_concentric_octagons, nicolae_volcano_entry_hallway,
          serial_bayou_shore_a
Lair:3:   layout_cave_pods, palyth_hydra_swamp_entry, basic_altar,
          grunt_megastairs_2, uniq_urug
Lair:4:   layout_gridlike, nicolae_spider_entry_orb_guardian, serial_forest,
          infiniplex_forest_clump_small, infiniplex_forest_lined_2,
          infiniplex_forest_straight_5, infiniplex_forest_clump_double,
          infiniplex_forest_lined_room_2, infiniplex_forest_lined_4_way,
          infiniplex_forest_corner_1, infiniplex_forest_straight_2,
          grunt_forest_large_clearing_hut, infiniplex_staircase_pool_2
Lair:5:   layout_regular_city, nicolae_slime_entry_slimehenge,
          lemuel_fruit_fields
Lair:6:   hellmonk_lair_end_abyssal_woods, layout_cellular_growth,
          serial_forest, infiniplex_forest_lined_3, infiniplex_forest_end_2,
          infiniplex_forest_lined_3, infiniplex_forest_end_3,
          infiniplex_forest_lined_2, infiniplex_forest_end_1,
          infiniplex_forest_clump_diagonal, infiniplex_forest_clump_long,
          infiniplex_forest_pool, st_stairs_5, lookout_lair_type,
          chequers_serial_rivers_room_a, minmay_lindwurm_lava
Abyss:1:  base: D:8, evilmike_abyss_exit_9

Skill      XL: |  1  2  3  4  5  6  7  8  9 10 11 12 13 14 |
---------------+-------------------------------------------+-----
Fighting       | 3 4 5 6 8 9 10 11 12 | 12.6
Unarmed Combat | 3 4 5 6 8 9 10 11 12 | 12.6
Spellcasting   | 3 4 5 6 7 8 9 10 | 10.1
Shields        | 1 2 3 4 |  4.0
Invocations    | 2 5 8 10 12 14 15 | 15.2
Throwing       | |  0.7
Armour         | |  1.0
Dodging        | |  2.1

Action                   |  1- 3 |  4- 6 |  7- 9 | 10-12 | 13-15 || total
-------------------------+-------+-------+-------+-------+-------++-------
Melee: Unarmed           |    20 |       |       |       |       ||    20
       Short sword       |    83 |   127 |    80 |       |       ||   290
       Punch             |     1 |     1 |       |       |       ||     2
       Quarterstaff      |       |       |   128 |   303 |   461 ||   892
Throw: Boomerang         |       |       |     2 |     3 |     5 ||    10
       Throwing net      |       |       |     2 |     1 |       ||     3
       Javelin           |       |       |       |    29 |     8 ||    37
 Cast: Blink             |       |     2 |     5 |    23 |    33 ||    63
       Ensorcelled Hiber |       |     1 |     5 |     3 |       ||     9
       Teleport Other    |       |       |     5 |     5 |       ||    10
       Summon Lightning  |       |       |     1 |    39 |    48 ||    88
       Lesser Beckoning  |       |       |     1 |       |       ||     1
       Gell's Gravitas   |       |       |       |     3 |       ||     3
       Manifold Assault  |       |       |       |    32 |    98 ||   130
       Olgreb's Toxic Ra |       |       |       |     7 |     7 ||    14
       Summon Forest     |       |       |       |       |     6 ||     6
Invok: Lesser Servant of |       |       |       |     5 |    13 ||    18
       Major Destruction |       |       |       |       |     1 ||     1
Evoke: Wand              |       |       |       |     6 |     6 ||    12
  Use: Potion            |       |     2 |     6 |     7 |     4 ||    19
       Scroll            |       |     1 |     7 |    11 |     7 ||    26
 Stab: Sleeping          |       |       |     2 |     2 |       ||     4
       Held in net/web   |       |       |     1 |       |       ||     1
       Distracted        |       |       |       |     2 |     2 ||     4
Armor: Leather armour    |    29 |    35 |    64 |    40 |       ||   168
       Skin              |       |       |     7 |       |    14 ||    21
       Steam dragon scal |       |       |       |    78 |   139 ||   217
Dodge: Dodged            |    69 |    72 |   130 |   214 |   322 ||   807

Table legend: (Time is in decaauts)
 A = Elapsed time spent in this place.
 B = Non-inter-level travel time spent in this place.
 C = Inter-level travel time spent in this place.
 D = Time resting spent in this place.
 E = Time spent auto-exploring this place.
 F = Levels seen in this place.
 G = Mean time per level.
                   A        B        C        D        E       F      G
               +--------+--------+--------+--------+--------+-----+--------+
         Total |  29630 |  29053 |    577 |  13435 |   9988 |  16 | 1851.9 |
       Dungeon |  11270 |  10992 |    278 |   3184 |   5512 |   8 | 1408.8 |
          Lair |  16424 |  16126 |    298 |   8772 |   4476 |   6 | 2737.3 |
         Abyss |    178 |    178 |      0 |    121 |      0 |   1 |  178.0 |
       Volcano |   1756 |   1756 |      0 |   1358 |      0 |   1 | 1756.0 |
               +--------+--------+--------+--------+--------+-----+--------+

Top non-repeatable levels by time:
  Lair:2: 3715 daAuts
  Lair:5: 3664 daAuts
  Lair:3: 3290 daAuts
  Lair:1: 2543 daAuts
  Lair:4: 1983 daAuts
     D:3: 1758 daAuts
 Volcano: 1756 daAuts
     D:8: 1595 daAuts
     D:6: 1493 daAuts
     D:5: 1391 daAuts
     D:7: 1364 daAuts
     D:1: 1320 daAuts
     D:2: 1245 daAuts
  Lair:6: 1227 daAuts
     D:4: 1101 daAuts
